 Dungeon Crawl Stone Soup version 0.31.0-9-g3a7656b989 (webtiles) character file.

Game seed: 10749494964606489583

67321 Killerpretzel the Stormcaller (level 14, 0/88 HPs)
             Began as a Felid Air Elementalist on Feb 3, 2024.
             Was an Initiate of Gozag.
             Slain by an efreet
             ... wielding a +2 scimitar of flaming
              (2 damage)
             ... while petrified by a basilisk
             ... on level 15 of the Dungeon.
             The game lasted 01:56:22 (40418 turns).

Killerpretzel the Stormcaller (FeAE)               Turns: 40418, Time: 01:56:22

Health: 0/88       AC: 39    Str:  4    XL:     14   Next: 82%
Magic:  3/30       EV:  4    Int: 23    God:    Gozag
Gold:   1306       SH:  0    Dex: 18    Spells: 21/35 levels left
                                        Lives:  0   Deaths: 4

rFire   x x .        (weapon unavailable)
rCold   x x .        (shield unavailable)
rNeg    + + +        (body armour unavailable)
rPois   ∞            (helmet unavailable)
rElec   .            (cloak unavailable)
rCorr   .            (gloves unavailable)
SInv    +            (boots unavailable)
Will    ++...        h - amulet of Elemental Vulnerability {rPois rF-- rC-- AC+8}
Stlth   ++           s - +4 ring of protection
HPRegen 0.34/turn    m - ring of positive energy
MPRegen 0.22/turn

%: no passive effects
@: tree-form, petrified, spiked, fragile (+50% incoming damage)
A: stationary, stasis, torment immunity, boosted hp, very small, (claws 1),
(fangs 3), see invisible, (shaggy fur 3), (stealthy paws), no weapons or thrown
items, no armour, multi-lived
a: Renounce Religion, Potion Petition, Call Merchant, Bribe Branch


You were on level 15 of the Dungeon.
You worshipped Gozag.
Gozag was most pleased with you.
You were a tree.
You visited 4 branches of the dungeon, and saw 21 of its levels.

You collected 6799 gold pieces.
You paid 5493 gold pieces to Gozag.

Inventory:

Jewellery
 h - the amulet of Elemental Vulnerability (around neck) {rPois rF-- rC-- AC+8}
   (You found it on level 2 of the Dungeon)

   [amulet of nothing]

   AC+8:      It affects your AC (+8).
   rF--:      It makes you very vulnerable to fire.
   rC--:      It makes you very vulnerable to cold.
   rPois:     It protects you from poison
 m - a ring of positive energy (right branch)
 s - a +4 ring of protection (left branch)
 E - an amulet of the acrobat
 H - a ring of magical power
Wands
 i - a wand of paralysis (9)
 n - a wand of roots (8)
 B - a wand of flame (28)
 F - a wand of polymorph (4)
 J - a wand of mindburst (2)
Scrolls
 a - 2 scrolls of summoning
 b - 3 scrolls of identify
 c - a scroll of amnesia
 d - a scroll of immolation
 j - 6 scrolls of fog
 w - 3 scrolls of poison
 C - a scroll of blinking
Potions
 e - 9 potions of ambrosia
 g - a potion of brilliance
 l - 3 potions of attraction
 p - a potion of haste
 t - a potion of lignification
 v - 2 potions of enlightenment
 D - 2 potions of resistance
Miscellaneous
 r - a box of beasts


   Skills:
 + Level 15.6 Dodging
 - Level 2.6 Stealth
 + Level 11.4 Spellcasting
 + Level 11.2 Conjurations
 * Level 15.7 Air Magic


You had 21 spell levels left.
You knew the following spells:

 Your Spells              Type           Power      Damage    Failure   Level
a - Shock                 Conj/Air       100%       1d9       1%          1
b - Static Discharge      Conj/Air       100%       3-8/arc   1%          2
c - Airstrike             Air            35%        2d(6-22)  1%          4
d - Mephitic Cloud        Conj/Alch/Air  53%        N/A       1%          3
e - Passwall              Erth           13%        N/A       14%         3
f - Apportation           Tloc           26%        N/A       4%          1

Your spell library contained the following spells:

 Spells                   Type           Power      Damage    Failure   Level
 Sting                    Conj/Alch      100%       1d9       1%          1
 Dazzling Flash           Conj/Hex       76%        N/A       1%          3
 Stone Arrow              Conj/Erth      76%        3d11      1%          3
 Swiftness                Air            71%        N/A       1%          3
 Necrotise                Necr           52%        1d6       4%          1
 Sandblast                Erth           26%        2d8       4%          1
 Summon Small Mammal      Summ           52%        N/A       4%          1
 Brom's Barrelling Bould  Conj/Erth      38%        2d6       4%          4
 Silence                  Hex/Air        24%        N/A       5%          5
 Call Imp                 Summ           26%        N/A       8%          2
 Ensorcelled Hibernation  Hex/Ice        26%        N/A       8%          2
 Lesser Beckoning         Tloc           26%        N/A       8%          2
 Sublimation of Blood     Necr           13%        N/A       8%          2
 Frozen Ramparts          Ice            26%        1d4       14%         3
 Fugue of the Fallen      Necr           13%        N/A       14%         3
 Gell's Gravitas          Tloc           13%        N/A       14%         3
 Teleport Other           Tloc           13%        N/A       14%         3
 Anguish                  Hex/Necr       6%         N/A       43%         4
 Leda's Liquefaction      Alch/Erth      6%         N/A       43%         4
 Passage of Golubria      Tloc           13%        N/A       43%         4
 Petrify                  Alch/Erth      13%        N/A       43%         4
 Bombard                  Conj/Erth      19%        9d4       58%         6
 Curse of Agony           Necr           13%        N/A       80%         5
 Metabolic Englaciation   Hex/Ice        6%         N/A       80%         5
 Summon Hydra             Summ           6%         N/A       100%        7
 Lehudib's Crystal Spear  Conj/Erth      19%        10d6      100%        8
 Animate Armour           Summ/Erth      Unusable   N/A       N/A         4

Dungeon Overview and Level Annotations

Branches:
Dungeon (15/15)            Temple (1/1) D:4            Lair (3/5) D:8
 Shoals (0/4) Lair:2        Snake (0/4) Lair:2          Orc (2/2) D:9
    Elf (0/3) Orc:2        Vaults (0/5) D:14
 Depths: D:15

Altars:
Ashenzari
Cheibriados
Dithmenos
Elyvilon
Fedhas
Gozag
Hepliaklqana
Kikubaaqudgha
Makhleb
Nemelex Xobeh
Okawaru
Qazlal
Ru
Sif Muna
Trog
Uskayaw
Vehumet
Wu Jian
Xom
Yredelemnul
Zin
The Shining One

Shops:
D:6 ![*   D:8 *   D:10 *   D:14 **   Orc:1 :   Orc:2 ====*[[*

Annotations:
D:2 1 runed translucent door, exclusion: door, Crazy Yiuf
D:13 2 transporters
D:14 exclusion: 2 doors
Lair:2 exclusion: downstairs


Innate Abilities, Weirdness & Mutations

You are a tree.
Your roots penetrate the ground, keeping you stationary.
You cannot be teleported.
You are immune to unholy pain and torment.
Your maximum health is greatly increased.
You are immune to poison.
((You have sharp claws.))
((You have razor-sharp teeth.))
You have supernaturally acute eyesight. (SInv)
((Your thick and shaggy fur keeps you warm. (AC +3, rC+)))
((Your paws help you pounce on unaware monsters.))
You are incapable of wielding weapons or throwing items.
You cannot wear armour.
You gain extra lives every three experience levels.


Message History

The great orb of eyes bites you but does no damage.
You have turned to stone.
The efreet hits you with a +2 scimitar of flaming!
The efreet burns you.
The great orb of eyes closely misses you.
The efreet hits you with a +2 scimitar of flaming!
The efreet burns you.
The great orb of eyes bites you but does no damage.
The basilisk gazes at you. You resist with almost no effort.
The efreet hits you with a +2 scimitar of flaming!
* * * LOW HITPOINT WARNING * * *
The efreet burns you!
* * * LOW HITPOINT WARNING * * *
The great orb of eyes bites you but does no damage.
The basilisk gazes at you. The efreet barely misses you.
The great orb of eyes gazes at you. You resist with almost no effort.
The basilisk gazes at you. You resist with almost no effort.
The efreet hits you but does no damage. The basilisk gazes at you.
You resist with almost no effort.
The great orb of eyes barely misses you.
The efreet hits you with a +2 scimitar of flaming!
* * * LOW HITPOINT WARNING * * *
The efreet burns you.
* * * LOW HITPOINT WARNING * * *
The basilisk gazes at you. The great orb of eyes gazes at you.
You resist with almost no effort. The efreet hits you but does no damage.
The basilisk gazes at you. You resist with almost no effort.
The great orb of eyes bites you.
* * * LOW HITPOINT WARNING * * *
The efreet hits you with a +2 scimitar of flaming.
* * * LOW HITPOINT WARNING * * *
The efreet burns you.
You die...
Your body crumbles into a pile of gold.

#. .# .. .##
# $.##
#.#l#..#
#.....R####
#♣...#
#...G##.....
#+###. ...
.. . ..^
.... .....
......


You could see a great orb of eyes, an efreet and a basilisk.

Vanquished Creatures
  The ghost of Anonkat the Fighter, a journeyman MiFi of Okawaru (D:10)
  A rakshasa (D:13)
  2 hydras
  Harold (D:10)
  2 boulder beetles
  5 centaur warriors
  5 two-headed ogres
  Nergalle (Lair:2)
  4 orc high priests (Orc:2)
  7 skeletal warriors
  A skyshark (D:14)
  A deep elf archer (D:14)
  2 wolf spider zombies (D:14)
  An ugly thing (D:12)
  A deep elf zephyrmancer (D:14)
  2 deep elf pyromancers
  3 cyclopes
  3 orc sorcerers
  3 manticores
  4 elephants (Lair:1)
  A merfolk siren (Lair:2)
  3 meliai (D:14)
  A black mamba (Lair:1)
  A kobold blastminer (Orc:1)
  Joseph (D:8)
  7 cane toads
  A torpor snail (Lair:2)
  4 centaur skeletons (D:14)
  12 centaur zombies (D:14)
  3 yaktaurs (D:14)
  An unseen horror (D:7)
  4 kobold demonologists
  4 komodo dragons
  An efreet (D:14)
  A queen bee (D:14)
  A polar bear (Lair:1)
  4 trolls
  3 merfolk (Lair:2)
  3 hornets
  9 blink frogs
  4 dream sheep (Lair:2)
  A meliai zombie (D:14)
  14 slime creatures
  A vampire (D:12)
  6 wyverns
  4 shadows
  A water elemental (D:14)
  11 wraiths
  A hog (shapeshifter) (D:13)
  38 yaks
  A steam dragon (D:9)
  3 basilisks
  Grum (D:8)
  3 wargs
  4 vampire mosquitoes (D:7)
  3 nagas (Lair:2)
  21 orc warriors
  8 water moccasins
  An ice beast (D:6)
  2 black bears (Lair:3)
  15 centaurs
  7 ogres
  5 wolves
  2 phantoms
  8 kobold brigands
  8 bullfrogs
  2 gnoll sergeants
  2 scorpions (D:6)
  8 wights
  A hornet simulacrum (D:14)
  33 killer bees
  3 electric eels
  3 howler monkeys
  3 bombardier beetles
  2 hounds
  A jelly (D:5)
  33 orc priests
  A gnoll bouda (D:5)
  35 orc wizards
  4 iguanas
  Robin (D:2)
  5 adders
  10 gnolls
  A shadow imp (D:5)
  A white imp (D:5)
  2 ufetubi (D:6)
  A ribbon worm (D:4)
  A dart slug (D:5)
  51 orcs
  8 ball pythons
  2 endoplasms (D:1)
  4 giant cockroaches
  26 goblins
  8 hobgoblins
  3 jackals
  31 kobolds
  5 quokkas
  3 bats
  4 frilled lizards
  9 rats
  A butterfly (Lair:1)
596 creatures vanquished.

Vanquished Creatures (others)
  A kobold blastminer (Orc:1)
1 creature vanquished.

Grand Total: 597 creatures vanquished

Notes
Turn   | Place    | Note
-------+----------+-------------------------------------------
     0 | D:1      | Killerpretzel the Felid Air Elementalist began the quest
                  | for the Orb.
     0 | D:1      | Reached XP level 1. HP: 9/9 MP: 4/4
    72 | D:1      | Reached skill level 1 in Conjurations
   226 | D:1      | Reached XP level 2. HP: 13/13 MP: 0/6
   229 | D:1      | Learned a level 2 spell: Static Discharge
  1133 | D:1      | Reached XP level 3. HP: 16/16 MP: 5/7
  1444 | D:2      | Found the amulet of Elemental Vulnerability {rPois rF--
                  | rC-- AC+8}
  1910 | D:2      | Found a runed translucent door.
  1911 | D:2      | Noticed Crazy Yiuf
  1940 | D:2      | Noticed Robin
  2070 | D:2      | Killed Robin
  2071 | D:2      | Reached XP level 4. HP: 15/21 MP: 3/8
  2071 | D:2      | Gained a life (2 lives remaining)
  2693 | D:3      | Found an ancient bone altar of Kikubaaqudgha.
  3046 | D:3      | Found a sparkling altar of Nemelex Xobeh.
  3357 | D:4      | Found a staircase to the Ecumenical Temple.
  3398 | Temple   | Entered the Ecumenical Temple
  3411 | Temple   | Became a worshipper of Gozag Ym Sagoz the Greedy
  3743 | D:4      | Reached XP level 5. HP: 18/24 MP: 0/10
  3857 | D:4      | Noticed a phantom
  3862 | D:4      | Killed a phantom
  3955 | D:4      | Gained mutation: You are covered in thick fur. (AC +2)
                  | [Felid growth]
  3955 | D:4      | Reached XP level 6. HP: 24/28 MP: 4/11
  4399 | D:5      | Entered Level 5 of the Dungeon
  5097 | D:5      | Noticed a water moccasin
  5104 | D:5      | Killed a water moccasin
  5105 | D:5      | Reached skill level 5 in Dodging
  5105 | D:5      | Reached skill level 5 in Air Magic
  5105 | D:5      | Reached XP level 7. HP: 19/32 MP: 4/13
  5189 | D:5      | Learned a level 4 spell: Airstrike
  5686 | D:6      | Found Yriumoch's Assorted Antiques.
  5920 | D:6      | Found Fiutoos's Distillery.
  6261 | D:6      | Found Zakoynef's Armour Boutique.
  6291 | D:6      | Reached XP level 8. HP: 35/36 MP: 0/15
  6772 | D:6      | Noticed a hornet
  6789 | D:6      | Killed a hornet
  6969 | D:6      | Found a shimmering blue altar of Sif Muna.
  6972 | D:6      | Found a glowing golden altar of the Shining One.
  6991 | D:6      | Found a hide-covered altar of Uskayaw.
  6994 | D:6      | Found an ornate altar of the Wu Jian Council.
  6996 | D:6      | Found a radiant altar of Vehumet.
  7001 | D:6      | Found a shimmering altar of Xom.
  7146 | D:6      | Reached skill level 5 in Spellcasting
  7696 | D:7      | Reached XP level 9. HP: 39/39 MP: 12/17
  8003 | D:7      | Reached skill level 5 in Conjurations
  8457 | D:7      | Found a shadowy altar of Dithmenos.
  8500 | D:7      | Noticed an unseen horror
  8509 | D:7      | Killed an unseen horror
  8632 | D:7      | Got the Encyclopedia of the Caves
  9266 | D:8      | Noticed Grum
  9274 | D:8      | Killed Grum
  9275 | D:8      | Reached XP level 10. HP: 14/44 MP: 4/20
  9755 | D:8      | Noticed Joseph
  9759 | D:8      | Killed Joseph
 10235 | D:8      | Found a staircase to the Lair.
 10614 | D:8      | Found Oschur's Gadget Gallery.
 11568 | D:9      | Found a staircase to the Orcish Mines.
 11581 | D:9      | Reached skill level 10 in Air Magic
 11690 | D:9      | Reached skill level 10 in Dodging
 11741 | D:9      | Noticed a deep elf pyromancer
 11747 | D:9      | Killed a deep elf pyromancer
 12510 | D:9      | Reached XP level 11. HP: 47/47 MP: 13/22
 12581 | D:9      | Noticed a two-headed ogre
 12590 | D:9      | Killed a two-headed ogre
 13105 | D:10     | Entered Level 10 of the Dungeon
 13758 | D:10     | Found a runed translucent door.
 13758 | D:10     | Noticed Anonkat's ghost (journeyman MiFi)
 13840 | D:10     | Found Ceeshri's Mail-Order Catalogue.
 14182 | D:10     | Noticed Harold
 14192 | D:10     | Killed Harold
 15203 | D:10     | Killed Anonkat's ghost
 15375 | D:11     | Noticed a two-headed ogre
 15380 | D:11     | Killed a two-headed ogre
 15539 | D:11     | Noticed a boulder beetle
 15679 | D:11     | Killed a boulder beetle
 16926 | D:11     | Noticed a two-headed ogre
 16929 | D:11     | Killed a two-headed ogre
 16930 | D:11     | Gained mutation: Your thick and shaggy fur keeps you warm.
                  | (AC +3, rC+) [Felid growth]
 16930 | D:11     | Reached XP level 12. HP: 51/51 MP: 12/25
 19485 | D:13     | Noticed a centaur warrior
 19488 | D:13     | Noticed a two-headed ogre
 19499 | D:13     | Killed a centaur warrior
 19545 | D:12     | Slain by a cyan ugly thing
 19545 | D:12     | Lost a life (1 life remaining)
 20010 | D:13     | Noticed a centaur warrior
 20018 | D:13     | Killed a centaur warrior
 20175 | D:13     | Killed a two-headed ogre
 20312 | D:13     | Found a transporter.
 20327 | D:13     | Noticed a rakshasa
 20486 | D:13     | Noticed a two-headed ogre
 20492 | D:13     | Killed a two-headed ogre
 20687 | D:13     | Killed a rakshasa
 20893 | D:13     | Noticed a boulder beetle
 20903 | D:13     | Killed a boulder beetle
 21046 | D:13     | Found a transporter.
 21269 | D:14     | Noticed a centaur warrior
 21272 | D:14     | Killed a centaur warrior
 22365 | Orc:1    | Entered Level 1 of the Orcish Mines
 22384 | Orc:1    | Reached XP level 13. HP: 55/55 MP: 7/27
 22384 | Orc:1    | Gained a life (2 lives remaining)
 22645 | Orc:1    | Found Wonemisk's Self-Improvement Boutique.
 23019 | Orc:2    | Entered Level 2 of the Orcish Mines
 23536 | Orc:2    | Found a staircase to the Elven Halls.
 25938 | Orc:2    | Found Jubroag's Antique Armour Boutique.
 25938 | Orc:2    | Found Ybocacs's General Store.
 25939 | Orc:2    | Found Heuzases's Antique Armour Shop.
 25943 | Orc:2    | Found Esenwygu's General Store.
 26812 | D:12     | Learned a level 3 spell: Mephitic Cloud
 26816 | D:12     | Learned a level 3 spell: Passwall
 27106 | Lair:1   | Entered Level 1 of the Lair of Beasts
 27112 | Lair:1   | Reached skill level 10 in Spellcasting
 28651 | Lair:1   | Reached skill level 10 in Conjurations
 29409 | Lair:2   | Noticed Nergalle
 29412 | Lair:2   | Killed Nergalle
 29902 | Lair:2   | Learned a level 1 spell: Apportation
 30168 | Lair:2   | Found a staircase to the Snake Pit.
 30264 | Lair:2   | Found a staircase to the Shoals.
 30402 | Lair:2   | HP: 2/55 [/static electricity (3)]
 30405 | Lair:2   | Slain by a merfolk
 30405 | Lair:2   | Lost a life (1 life remaining)
 31323 | Lair:2   | Reached XP level 14. HP: 59/59 MP: 20/29
 31323 | Lair:2   | Gained a life (2 lives remaining)
 33040 | Lair:1   | Identified a scroll of acquirement
 33044 | Lair:1   | Acquired 575 gold pieces
 34520 | D:14     | Reached skill level 15 in Air Magic
 35072 | D:14     | Reached skill level 15 in Dodging
 38553 | D:14     | HP: 2/88 [skyshark (17)]
 38556 | D:14     | Slain by a skyshark
 38556 | D:14     | Lost a life (1 life remaining)
 39252 | D:13     | Slain by a skeletal warrior
 39252 | D:13     | Lost a life (0 lives remaining)
 40210 | D:14     | Found a gate to the Vaults.
 40320 | D:15     | Entered Level 15 of the Dungeon
 40418 | D:15     | HP: 2/88 [efreet/+2 scimitar of flaming (3)]
 40418 | D:15     | Slain by an efreet

Illustrated notes

Levels and vault maps discovered:
D:1:      dpeg_arrival_subterranean_lakeside_camping, layout_loops_ring
D:2:      layout_basic, uniq_crazy_yiuf_cottage, uniq_robin
D:3:      layout_basic, mainiacjoe_overflow_brackets, amcnicky_altar_gilded,
          minmay_misc_feat_cross
D:4:      minmay_inner_zag, layout_cave_pools, lemuel_temple_firewalk_b,
          hangedman_abyss_or_decor_stagger
D:5:      layout_basic
D:6:      layout_basic, nicolae_overflow_hallway_of_the_gods, serial_shops,
          shop, nicolae_shop_advertising_works [nicolae_subvault_shop_adworks],
          nicolae_shop_getting_attention, chequers_serial_rivers_room_a
D:7:      layout_loops_ring, mainiacjoe_overflow_24_doors
D:8:      layout_basic, david_lair_shrubbed, nicolae_shop_gadgets, uniq_joseph,
          uniq_grum
D:9:      layout_roguey, minmay_orc_entry_guard_dogs, kb_lookout_dungeons_type,
          billiards_dpeg
D:10:     layout_grid_maze, hellmonk_ghost_happy_afterlife,
          monkooky_shop_mail_order, uniq_harold
D:11:     layout_big_octagon
D:12:     layout_gridville
D:13:     gammafunk_cloud_chamber, layout_basic
D:14:     layout_roguey [special_room_bee],
          hangedman_vaults_entry_quadrant_bands, serial_undead, serial_undead_e,
          serial_undead_f, serial_undead_f, serial_undead_e, serial_undead_a,
          serial_undead_f, serial_undead_f, serial_undead_f, serial_undead_a,
          serial_undead_c
D:15:     hangedman_depths_entry_civil_slaughter, layout_rooms,
          nicolae_trove_entry_columns, nrook_pool_corridor, nicolae_burly_brawl
Temple:   dshaligram_water_room_temple
Lair:1:   layout_cave_pods, lemuel_fruit_fields
Lair:2:   layout_cave_pods, elwin_shoals_entry_stream,
          minmay_snake_entry_guardpost_small, nicolae_volcano_entry_s_turn,
          infiniplex_staircase_pool_2, uniq_nergalle
Lair:3:   beargit_carnivore_pack, layout_hall_layers,
          nicolae_quartered_pool_super, beast_lair_carwin_1, lemuel_fruit_fields
Orc:1:    layout_diamond_mine, nicolae_shop_self_help
Orc:2:    st_orc_mages, layout_caves, basic_altar, nicolae_orc_minecarts

Skill      XL: |  1  2  3  4  5  6  7  8  9 10 11 12 13 14 |
---------------+-------------------------------------------+-----
Conjurations   | 1 2 3 4 5 6 8 9 10 11 | 11.2
Dodging        | 3 4 5 6 7 8 10 11 13 14 15 | 15.6
Air Magic      | 3 4 5 6 7 8 10 11 13 14 15 | 15.7
Spellcasting   | 3 4 5 6 7 8 9 10 11 | 11.4
Stealth        | |  2.6

Action                     |  1- 3 |  4- 6 |  7- 9 | 10-12 | 13-15 || total
---------------------------+-------+-------+-------+-------+-------++-------
  Melee: Unarmed           |   113 |    73 |    64 |   234 |   102 ||   586
         Bite              |    12 |    13 |     8 |    54 |    20 ||   107
         Punch             |       |       |       |     6 |       ||     6
   Cast: Shock             |    57 |    38 |     5 |    14 |    57 ||   171
         Static Discharge  |     4 |    40 |   149 |   253 |   220 ||   666
         Airstrike         |       |       |     3 |   186 |   510 ||   699
         Mephitic Cloud    |       |       |       |       |     4 ||     4
 Invoke: Call Merchant     |       |       |       |       |     6 ||     6
  Evoke: Wand              |       |       |       |     3 |    33 ||    36
    Use: Scroll            |       |       |    13 |     5 |    13 ||    31
         Potion            |       |       |     2 |     4 |     7 ||    13
   Stab: Distracted        |     1 |       |       |       |       ||     1
         Sleeping          |       |     1 |       |       |       ||     1
 Armour: Skin              |    69 |    61 |   256 |   504 |   552 ||  1442
  Dodge: Dodged            |   144 |    82 |   197 |   473 |   727 ||  1623
